 Dungeon Crawl Stone Soup version 0.23-a0-49-gd9f7a49 (webtiles) character file.

5297 Gorice the Arsonist (level 10, -7/50 HPs)
             Began as a Deep Elf Fire Elementalist on Aug 5, 2018.
             Was an Elder of Vehumet.
             Hit by a large rock thrown by a stone giant (57 damage)
             ... on level 9 of the Dungeon on Aug 7, 2018.
             The game lasted 01:00:54 (10736 turns).

Gorice the Arsonist (Deep Elf Fire Elementalist)   Turns: 10736, Time: 01:00:55

Health: -7/50      AC:  3    Str:  5    XL:     10   Next: 37%
Magic:  25/25      EV: 13    Int: 24    God:    Vehumet [****..]
Gold:   460        SH:  0    Dex: 15    Spells: 9/27 levels left

rFire    . . .     SeeInvis .   a - +3 scimitar (flame) (curse)
rCold    + . .     Gourm    .   (no shield)
rNeg     . . .     Faith    .   i - +0 robe
rPois    .         Spirit   .   u - +0 helmet
rElec    .         Reflect  .   (no cloak)
rCorr    .         Harm     .   (no gloves)
MR       +....                  (no boots)
Stlth    ++........             (no amulet)
HPRegen  0.16/turn              C - ring of protection from cold
MPRegen  0.19/turn              (no ring)

@: no status effects
A: no striking features
a: Renounce Religion


You were on level 9 of the Dungeon.
You worshipped Vehumet.
Vehumet was greatly pleased with you.
You were hungry.

You visited 2 branches of the dungeon, and saw 10 of its levels.
You also visited: Sewer.

You collected 460 gold pieces.

Inventory:

Hand Weapons
 a - a cursed +3 scimitar of flaming (weapon)
   (You took it off a wight on level 5 of the Dungeon)
 p - a +0 flail
 q - a +1 dagger of holy wrath
   (You took it off a kobold on level 3 of the Dungeon)
 x - a +1 executioner's axe of flaming
   (You found it on level 9 of the Dungeon)
 G - a +2 quarterstaff of crushing
   (You found it on level 8 of the Dungeon)
Missiles
 r - 7 tomahawks (quivered)
 Y - 230 stones
 Z - a throwing net
Armour
 i - a +0 robe (worn)
 u - a +0 helmet (worn)
 H - a +0 troll leather armour
Jewellery
 e - an uncursed ring of ice
 l - an uncursed ring of ice
 C - a ring of protection from cold (left hand)
Wands
 n - a wand of disintegration (16)
 w - a wand of scattershot (4)
Scrolls
 o - a scroll of enchant weapon
 s - 4 scrolls of teleportation {!r}
 v - 4 scrolls of fear {!r}
 y - 2 scrolls of amnesia
 B - a scroll of blinking
 D - a scroll of remove curse
 F - a scroll of immolation {!r}
Potions
 b - 5 potions of brilliance {!q}
 d - 4 potions of lignification {!q}
 f - 5 potions of curing
 g - a potion of agility {!q}
 h - a potion of mutation {!q}
 j - a potion of resistance {!q}
 k - a potion of haste {unknown}
 m - 2 potions of flight
 t - 2 potions of might {!q}
 z - 2 potions of heal wounds {!q}
 A - a potion of berserk rage {unknown}
 E - a potion of degeneration {unknown}
 I - a potion of magic {unknown}
Comestibles
 c - 28 rations


   Skills:
 - Level 2.4 Dodging
 - Level 2.4 Stealth
 + Level 9.4 Spellcasting
 + Level 10.2 Conjurations
 + Level 5.6 Necromancy
 + Level 10.3 Fire Magic


You had 9 spell levels left.
You knew the following spells:

 Your Spells              Type           Power        Failure   Level  Hunger
a - Flame Tongue          Conj/Fire      #####        1%          1    None
b - Throw Flame           Conj/Fire      ######       1%          2    None
c - Conjure Flame         Conj/Fire      ######..     1%          3    None
d - Sticky Flame          Conj/Fire      ######..     1%          4    ##.....
e - Fireball              Conj/Fire      ######....   1%          5    ####...
R - Regeneration          Chrm/Necr      ####......   5%          3    None

Your spell library contained the following spells:

 Spells                   Type           Power        Failure   Level  Hunger
 Cause Fear               Hex            ##........   50%         4    ##.....
 Slow                     Hex            ##......     9%          2    None
 Lehudib's Crystal Spear  Conj/Erth      #####.....   100%        8    #######
 Fire Storm               Conj/Fire      ######....   100%        9    #######
 Animate Dead             Necr           N/A          5%          4    ##.....
 Pain                     Necr           ####         1%          1    None
 Animate Skeleton         Necr           N/A          1%          1    None
 Vampiric Draining        Necr           #####.....   1%          3    None
 Poison Arrow             Conj/Pois      #####.....   26%         6    ######.
 Glaciate                 Conj/Ice       #####.....   100%        9    #######
 Corona                   Hex            ##.....      5%          1    None
 Chain Lightning          Conj/Air       #####.....   100%        8    #######
 Portal Projectile        Hex/Tloc       ##....       17%         3    None
 Leda's Liquefaction      Hex/Erth       ##........   50%         4    ##.....
 Inner Flame              Hex/Fire       #####...     1%          3    None


Dungeon Overview and Level Annotations

Branches:
Dungeon (9/15)             Temple (1/1) D:6
   Lair: D:8-11         Orc: D:9-12

Altars:
Ashenzari
Cheibriados
Dithmenos
Elyvilon
Fedhas
Gozag
Hepliaklqana
Kikubaaqudgha
Makhleb
Nemelex Xobeh
Okawaru
Qazlal
Ru
Sif Muna
Trog
Uskayaw
Vehumet
Wu Jian
Xom
Yredelemnul
Zin
The Shining One

Annotations:
D:9 Ezendos's ghost, novice DrCj


Message History

You feel your power returning.
Things that are here:
a shortbow; 12 arrows
Casting: Sticky Flame (safe; 1% risk of failure)
Confirm with . or Enter, or press ? or * to list all spells.
Aiming: Conjure Flame (safe; 1% risk of failure)
Press: ? - help, Dir - move target cursor The fire ignites!
The centaur skeleton is engulfed in blazing flames.
The centaur skeleton barely misses you.
You completely miss the centaur skeleton.
The centaur skeleton is heavily damaged.
The centaur skeleton is engulfed in blazing flames.
The centaur skeleton hits you but does no damage.
The centaur skeleton is engulfed in blazing flames.
You destroy the centaur skeleton!
Vehumet accepts your kill.
You feel your power returning.
You open the door.
There is an open door here.
All of the chunks of flesh in your inventory have rotted away.
You are feeling hungry.
You open the door.
Found a glowing executioner's axe.
There is an open door here.
An adder comes into view.
Found a stone staircase leading down.
You see here a glowing executioner's axe.
x - a glowing executioner's axe
Casting: Conjure Flame (safe; 1% risk of failure)
Confirm with . or Enter, or press ? or * to list all spells.
Aiming: Throw Flame (safe; 1% risk of failure)
Press: ? - help, Shift-Dir - straight line, f - adder
Aim: an adder (resting)
The puff of flame hits the adder.
You kill the adder!
Vehumet accepts your kill.
You feel your power returning.
You open the door.
There is an open door here.
You now have 460 gold pieces (gained 18).
y - 2 scrolls of amnesia (gained 1)
Found a runed door.
Ezendos's ghost turns its malevolent gaze towards you.
You hear a shout!
Found four items.
You open the door.
The stone giant throws a large rock.
The large rock hits you!!!
Ouch! That really hurt!
You die...

..#......#.####..#
....#...#........#
...........####..#
......#....####..#
#####.#.......#..##
......#...###.#...#
######........#.#.#
#..#########.#
#.....# §W#@.#
#.##### §C'..# #)#
§§#.## #.# #####
#.# #.# #.# #.# #.#


You could see a stone giant and Ezendos's ghost.

Vanquished Creatures
  A komodo dragon (D:7)
  A troll (D:9)
  A wyvern (D:8)
  6 yaks
  Duvessa (D:6)
  An orc warrior (D:6)
  2 ice beasts
  2 phantoms
  2 sky beasts
  4 ogres
  4 centaurs
  6 bullfrogs
  Dowan (D:6)
  5 scorpions
  2 water moccasin skeletons
  6 killer bees
  3 wights (D:5)
  A bullfrog zombie (D:6)
  4 crimson imps
  3 jellies
  A centaur zombie (D:7)
  4 bullfrog skeletons
  An orc priest (D:4)
  6 hounds
  A centaur skeleton (D:9)
  An iguana (D:9)
  4 orc wizards
  Natasha (twice) (D:4 D:5)
  A worker ant (D:9)
  A hound skeleton (D:5)
  Robin (D:4)
  15 adders
  8 gnolls
  2 worker ant zombies (D:6)
  2 river rats (D:6)
  An ooze (D:4)
  An adder skeleton (D:5)
  5 worms
  6 leopard geckos
  27 orcs
  7 bats
  6 giant cockroaches
  12 goblins
  5 hobgoblins
  4 jackals (D:1)
  A quokka (D:6)
  6 ball pythons
  6 frilled lizards
  A jackal skeleton (D:7)
  11 kobolds
  7 rats
212 creatures vanquished.

Notes
Turn   | Place    | Note
-------+----------+-------------------------------------------
     0 | D:1      | Gorice the Deep Elf Fire Elementalist began the quest for the Orb.
     0 | D:1      | Reached XP level 1. HP: 10/10 MP: 6/6
   292 | D:1      | Reached skill level 2 in Conjurations
   374 | D:1      | Reached XP level 2. HP: 15/15 MP: 4/8
   657 | D:1      | You fall through a shaft!
   946 | D:2      | Learned a level 2 spell: Throw Flame
  1107 | D:2      | Reached skill level 3 in Conjurations
  1107 | D:2      | Reached XP level 3. HP: 19/19 MP: 6/9
  1112 | D:2      | Learned a level 3 spell: Conjure Flame
  1155 | D:2      | Found a radiant altar of Vehumet.
  1161 | D:2      | Became a worshipper of Vehumet
  1614 | D:2      | Found an opulent altar of Gozag.
  2165 | D:3      | Noticed a scorpion
  2171 | D:3      | Killed a scorpion
  2171 | D:3      | Reached skill level 4 in Fire Magic
  2171 | D:3      | Reached XP level 4. HP: 22/24 MP: 0/11
  2225 | D:3      | Reached skill level 4 in Conjurations
  2385 | D:3      | Found an iron altar of Okawaru.
  2535 | D:3      | Reached XP level 5. HP: 28/28 MP: 9/12
  2803 | D:3      | Learned a level 4 spell: Sticky Flame
  2806 | D:4      | Noticed Natasha
  2811 | D:4      | Noticed Robin
  2875 | D:4      | Reached * piety under Vehumet
  2875 | D:4      | Offered knowledge of Freeze by Vehumet.
  2936 | D:4      | Reached skill level 4 in Spellcasting
  3191 | D:4      | Reached skill level 5 in Fire Magic
  3212 | D:4      | Reached XP level 6. HP: 32/32 MP: 1/14
  3556 | D:4      | Reached skill level 5 in Conjurations
  3681 | D:4      | Killed Robin
  3839 | D:4      | Found a burning altar of Makhleb.
  3844 | D:4      | Killed Natasha
  4103 | D:4      | Reached skill level 5 in Spellcasting
  4103 | D:4      | Reached XP level 7. HP: 36/36 MP: 7/16
  4369 | D:4      | Upgraded the game from 0.23-a0-38-g6d804a8 to 0.23-a0-49-gd9f7a49
  4548 | D:5      | Entered Level 5 of the Dungeon
  4590 | D:5      | Reached skill level 6 in Fire Magic
  4593 | D:5      | Reached skill level 6 in Conjurations
  4985 | D:5      | Found an ancient bone altar of Kikubaaqudgha.
  5053 | D:5      | Found a snail-covered altar of Cheibriados.
  5128 | D:5      | Offered knowledge of Sting by Vehumet.
  5128 | D:5      | Reached skill level 7 in Fire Magic
  5189 | D:5      | Reached XP level 8. HP: 41/41 MP: 12/18
  5199 | D:5      | Learned a level 5 spell: Fireball
  5240 | D:5      | Reached ** piety under Vehumet
  5573 | D:5      | Found a basalt altar of Yredelemnul.
  5677 | D:5      | Noticed Natasha
  5679 | D:5      | Killed Natasha
  5679 | D:5      | Reached skill level 6 in Spellcasting
  5775 | D:6      | Reached skill level 7 in Conjurations
  5795 | D:6      | Learned a level 3 spell: Regeneration
  6248 | D:6      | Found a glowing drain.
  6255 | Sewer    | Entered a sewer
  6293 | Sewer    | Offered knowledge of Dazzling Spray by Vehumet.
  6521 | Sewer    | Reached *** piety under Vehumet
  6634 | Sewer    | Reached skill level 8 in Fire Magic
  6647 | Sewer    | Reached skill level 8 in Conjurations
  6757 | D:6      | Found a staircase to the Ecumenical Temple.
  6785 | D:6      | Reached skill level 7 in Spellcasting
  6801 | D:6      | Offered knowledge of Force Lance by Vehumet.
  6801 | D:6      | Reached skill level 1 in Necromancy
  6827 | D:6      | Noticed Duvessa
  6850 | D:6      | Noticed Dowan
  6878 | D:6      | HP: 9/41 [Duvessa/rapier (4)]
  7125 | D:6      | Killed Dowan
  7126 | D:6      | Killed Duvessa
  7353 | D:6      | Reached XP level 9. HP: 45/45 MP: 14/21
  7661 | D:6      | Reached skill level 2 in Necromancy
  7755 | Temple   | Entered the Ecumenical Temple
  7956 | D:7      | HP: 7/45 [ogre/giant club (31)]
  8248 | D:7      | Reached skill level 9 in Fire Magic
  8530 | D:7      | Reached skill level 9 in Conjurations
  8688 | D:7      | Reached skill level 3 in Necromancy
  8696 | D:7      | Reached skill level 8 in Spellcasting
  8697 | D:7      | Noticed a komodo dragon
  8905 | D:7      | Reached **** piety under Vehumet
  9067 | D:7      | Killed a komodo dragon
  9067 | D:7      | Reached skill level 4 in Necromancy
  9226 | D:8      | Found a sparkling altar of Nemelex Xobeh.
  9429 | D:8      | Offered knowledge of Yara's Violent Unravelling by Vehumet.
  9787 | D:8      | Found a hazy altar of Hepliaklqana.
 10010 | D:9      | Reached XP level 10. HP: 46/50 MP: 24/24
 10044 | D:9      | Reached skill level 10 in Fire Magic
 10077 | D:9      | Reached skill level 9 in Spellcasting
 10077 | D:9      | Reached skill level 10 in Conjurations
 10077 | D:9      | Reached skill level 5 in Necromancy
 10733 | D:9      | Found a runed door.
 10734 | D:9      | Noticed Ezendos's ghost (novice DrCj)
 10734 | D:9      | Noticed a stone giant
 10736 | D:9      | Hit by a large rock thrown by a stone giant

Vault maps used:
D:1:      dpeg_arrival_arbitrary_c
D:2:      vehumet_crystals, hangedman_decor_opposing, lemuel_statue_altar
D:3:      kennysheep_okawaru_gauntlet
D:4:      lemuel_doored_altar, first_ration, st_stairs_8, supply_closet_lemuel,
          cheibrodos_gnoll_hut, uniq_natasha, uniq_robin
D:5:      kiku_gazebo_garden_becter, cheibriados_altar_1, grunt_decor_clamped,
          yredelemnul_altar_generic
D:6:      lightli_sewer_entry_pipes, corexii_leaking_fountain,
          grunt_ministairs_13, water_maze_lemuel, uniq_duvessa
D:7:      grunt_ogre_cave, nrook_mini_backslash
D:8:      lemuel_crystal_altar, lemuel_coloured_pillars_altar,
          nicolae_underground_beach
D:9:      ebering_ghost_inner_flame
Temple:   regret_index_temple_waves
Sewer:    sewer_frog_island_01

Skill      XL: |  1  2  3  4  5  6  7  8  9 10 |
---------------+-------------------------------+-----
Conjurations   | 2 3 4 5 6 8 9 10 | 10.2
Fire Magic     | 4 5 7 8 9 10 | 10.3
Spellcasting   | 4 5 7 8 9 |  9.4
Necromancy     | 1 4 5 |  5.6
Dodging        | |  2.4
Stealth        | |  2.4

Action                   |  1- 3 |  4- 6 |  7- 9 | 10-12 || total
-------------------------+-------+-------+-------+-------++-------
Melee: Dagger            |       |     8 |    37 |       ||    45
       Scimitar          |       |       |    22 |     7 ||    29
 Cast: Flame Tongue      |    63 |    69 |   105 |    14 ||   251
       Throw Flame       |    12 |    38 |    89 |    15 ||   154
       Conjure Flame     |       |     2 |    17 |     6 ||    25
       Sticky Flame      |       |     1 |    15 |    10 ||    26
       Fireball          |       |       |     9 |       ||     9
Evoke: Wand              |       |       |     5 |     1 ||     6
  Use: Scroll            |     6 |     1 |    10 |     1 ||    18
 Stab: Sleeping          |       |       |     1 |       ||     1
  Eat: Chunk             |     3 |     7 |    21 |     3 ||    34
Armor: Robe              |     2 |     7 |    14 |     2 ||    25
Dodge: Dodged            |    16 |    37 |    61 |    10 ||   124
       Rpst.: Scimitar   |       |       |     4 |     3 ||     7

Table legend:
 A = Spawn XP
 B = Non-spawn XP
 C = Spawn XP percentage of total XP
 D = Spawn monster count
 E = Non-spawn monster count
 F = Spawn count percentage of total count
 G = Total turns spent on level
                    A         B        C        D         E        F      G
               +---------+---------+-------+---------+---------+-------+---------
         Total |       0 |    7568 |   0.0 |       0 |     212 |   0.0 | 10736
               +---------+---------+-------+---------+---------+-------+---------
           D:1 |       0 |      25 |   0.0 |       0 |      15 |   0.0 |   936
           D:2 |       0 |      61 |   0.0 |       0 |      16 |   0.0 |  1117
           D:3 |       0 |     120 |   0.0 |       0 |      20 |   0.0 |   813
           D:4 |       0 |     591 |   0.0 |       0 |      28 |   0.0 |  1682
           D:5 |       0 |     701 |   0.0 |       0 |      15 |   0.0 |  1460
           D:6 |       0 |    1386 |   0.0 |       0 |      47 |   0.0 |  1354
           D:7 |       0 |    1759 |   0.0 |       0 |      22 |   0.0 |  1312
           D:8 |       0 |     831 |   0.0 |       0 |      13 |   0.0 |   914
           D:9 |       0 |    1864 |   0.0 |       0 |      18 |   0.0 |   604
         Sewer |       0 |     230 |   0.0 |       0 |      18 |   0.0 |   422
               +---------+---------+-------+---------+---------+-------+---------

Table legend:
 A = Turns spent in this place as a percentage of turns spent in the entire game.
 B = Non-inter-level travel turns spent in this place as a percentage of non-inter-level travel turns spent in the entire game.
 C = Inter-level travel turns spent in this place as a percentage of turns spent in this place.
 D = Turns resting spent in this place as a percentage of non-inter-level travel turns spent in this place.
 E = Turns spent auto-exploring this place as a percentage of non-inter-level travel turns spent in this place.
 F = Non-inter-level travel turns spent in this place divided by the number of levels of this place that you've seen.
                   A       B       C       D       E      F
               +-------+-------+-------+-------+-------+----------------------
         Total | 100.0 | 100.0 |   3.7 |  28.8 |  41.2 | 940.2
       Dungeon |  94.9 |  95.2 |   3.4 |  29.2 |  42.1 | 1094.1
        Temple |   1.1 |   0.7 |  40.2 |   0.0 |  97.3 |  73.0
         Sewer |   3.9 |   4.1 |   0.0 |  24.6 |  10.2 | 422.0
               +-------+-------+-------+-------+-------+----------------------

Vault maps used:
D:1:      dpeg_arrival_arbitrary_c
D:2:      vehumet_crystals, hangedman_decor_opposing, lemuel_statue_altar
D:3:      kennysheep_okawaru_gauntlet
D:4:      lemuel_doored_altar, first_ration, st_stairs_8, supply_closet_lemuel,
          cheibrodos_gnoll_hut, uniq_natasha, uniq_robin
D:5:      kiku_gazebo_garden_becter, cheibriados_altar_1, grunt_decor_clamped,
          yredelemnul_altar_generic
D:6:      lightli_sewer_entry_pipes, corexii_leaking_fountain,
          grunt_ministairs_13, water_maze_lemuel, uniq_duvessa
D:7:      grunt_ogre_cave, nrook_mini_backslash
D:8:      lemuel_crystal_altar, lemuel_coloured_pillars_altar,
          nicolae_underground_beach
D:9:      ebering_ghost_inner_flame
Temple:   regret_index_temple_waves
Sewer:    sewer_frog_island_01
